 Dungeon Crawl Stone Soup version 0.30.0-5-g1a98f26d00 (webtiles) character file.

Game seed: 10541247902908628471

369 NinjaNoafa the Ducker (level 6, 0/34 HPs)
             Began as a Deep Elf Transmuter on May 9, 2023.
             Shot with an arrow by a centaur (16 damage)
             ... on level 5 of the Dungeon.
             The game lasted 00:06:26 (3164 turns).

NinjaNoafa the Ducker (Deep Elf Transmuter)         Turns: 3164, Time: 00:06:26

Health: 0/34       AC:  4    Str:  7    XL:     6   Next: 41%
Magic:  11/14      EV: 14    Int: 20    God:
Gold:   241        SH:  0    Dex: 15    Spells: 7/13 levels left

rFire   + .          .
                       - Unarmed
rCold   . . .        (no shield)
rNeg    . . .        a - +0 robe
rPois   .            (no helmet)
rElec   .            o - +0 cloak
rCorr   .            k - +0 pair of gloves
SInv    .            (no boots)
Will    .....        (no amulet)
Stlth   +            n - ring of protection from fire
HPRegen 0.25/turn    (no ring)
MPRegen 0.14/turn

%: no passive effects
@: very slightly contaminated
A: no striking features
a: no special abilities


You were on level 5 of the Dungeon.
You visited 1 branch of the dungeon, and saw 5 of its levels.

You collected 241 gold pieces.

Inventory:

Missiles
 c - 2 poisoned darts
 f - 5 atropa-tipped darts
 v - 4 javelins
Armour
 a - a +0 robe (worn)
 k - a +0 pair of gloves (worn)
 o - a +0 cloak (worn)
 w - a +0 pair of boots
Jewellery
 n - a ring of protection from fire (left hand)
Wands
 l - a wand of roots (11)
 t - a wand of mindburst (10)
 x - a wand of light (9)
Scrolls
 d - 3 scrolls of teleportation
 e - a scroll of noise {unknown}
 j - 2 scrolls of identify {unknown}
 m - a scroll of amnesia {unknown}
 p - 2 scrolls of magic mapping {unknown}
 q - a scroll of immolation {unknown}
Potions
 b - 4 potions of attraction {unknown}
 g - a potion of degeneration {unknown}
 h - 3 potions of curing {unknown}
 i - 2 potions of brilliance {unknown}
 r - a potion of haste {unknown}
 s - a potion of heal wounds {unknown}
 u - a potion of mutation {unknown}


   Skills:
 - Level 1.4 Fighting
 - Level 4.4 Dodging
 - Level 3.0 Unarmed Combat
 - Level 4.0 Spellcasting
 + Level 4.2 Transmutations
 + Level 3.2 Poison Magic


You had 7 spell levels left.
You knew the following spells:

 Your Spells              Type           Power      Damage    Failure   Level
a - Beastly Appendage     Tmut           42%        N/A       2%          1
b - Wereblood             Tmut           21%        N/A       3%          2
c - Spider Form           Tmut/Pois      19%        N/A       9%          3

Your spell library contained the following spells:

 Spells                   Type           Power      Damage    Failure   Level
 Magic Dart               Conj           16%        1d3       13%         1
 Slow                     Hex            16%        N/A       13%         1
 Searing Ray              Conj           8%         2d4       19%         2
 Confusing Touch          Hex            4%         N/A       36%         3
 Vampiric Draining        Necr           4%         2d6       36%         3
 Ice Form                 Ice/Tmut       12%        N/A       47%         4
 Fulminant Prism          Conj/Hex       2%         3d5       77%         4


Dungeon Overview and Level Annotations

Branches:
Dungeon (5/15) Zot: 26629
 Temple: D:4-7

Altars:
Uskayaw


Message History

You hiss as the wereblood boils in your veins!
You start resting.
You hiss as the wereblood boils in your veins!
Your transformation has ended.
Your +0 cloak unmelds from your body.
Your +0 pair of gloves unmelds from your body.
Your +0 robe unmelds from your body.
You start resting.
You howl as the wereblood boils in your veins!
Your primal bloodlust has ended.
You start resting.
Magic restored.
You start resting.
HP restored.
Okay, then.
v - 4 javelins
Found a war axe.
w - a +0 pair of boots Key pressed, stopping explore.
Key pressed, stopping explore.
x - a wand of light (9)
A centaur comes into view.
The centaur shouts!
The centaur wields a +0 shortbow.
The centaur shoots an arrow.
The arrow hits you.
The centaur shoots an arrow.
Keep equipping yourself?
You stop putting on your armour.
The arrow hits you!
* * * LOW HITPOINT WARNING * * *
Unknown command.
Casting: Spider Form (dangerous; 9% risk of failure)
Confirm with . or Enter, or press ? or * to list all spells.
You miscast Spider Form.
You are very lightly contaminated with residual magic.
Nothing appears to happen.
The centaur shoots an arrow.
The arrow barely misses you.
Unknown command.
The centaur shoots an arrow.
The arrow misses you.
The centaur shoots an arrow.
The arrow hits you!
You die...

#.# #.# ###.#
..#.# #.#.#
#.#.#
#c#.#########
#.#.........#
#.#@#########.#
#...........#.#
###.#######.#.#
#.. #.#.# ###
#####.#.#
#.....#.#
#.#####.# #.#
#.# #.# #.#


You could see a centaur.

Vanquished Creatures
  A phantom (D:4)
  A scorpion (D:5)
  3 hounds
  A sleepcap (D:5)
  An iguana (D:5)
  4 adders
  2 dart slugs
  An orc (D:3)
  6 bats
  5 endoplasms
  3 giant cockroaches (D:1)
  5 goblins
  7 hobgoblins
  6 kobolds
  2 quokkas (D:1)
  4 ball pythons
  4 frilled lizards
  2 rats
58 creatures vanquished.

Notes
Turn   | Place    | Note
-------+----------+-------------------------------------------
     0 | D:1      | NinjaNoafa the Deep Elf Transmuter began the quest for the
                  | Orb.
     0 | D:1      | Reached XP level 1. HP: 11/11 MP: 6/6
    78 | D:1      | Reached skill level 1 in Fighting
   126 | D:1      | Reached XP level 2. HP: 16/16 MP: 8/8
   966 | D:2      | Learned a level 2 spell: Wereblood
  1010 | D:2      | Reached XP level 3. HP: 17/20 MP: 9/9
  1434 | D:3      | Found a faded altar of an unknown god.
  1694 | D:3      | Reached XP level 4. HP: 25/25 MP: 7/10
  2365 | D:4      | Noticed a +0 hand axe
  2366 | D:4      | Noticed a +0 dagger
  2369 | D:4      | Found a hide-covered altar of Uskayaw.
  2439 | D:4      | Reached skill level 1 in Poison Magic
  2473 | D:4      | Reached XP level 5. HP: 29/29 MP: 10/12
  2576 | D:4      | Noticed a phantom
  2599 | D:4      | Killed a phantom
  2793 | D:5      | Entered Level 5 of the Dungeon
  2798 | D:5      | Learned a level 3 spell: Spider Form
  2915 | D:5      | Reached XP level 6. HP: 34/34 MP: 9/14
  3164 | D:5      | Shot with an arrow by a centaur

Illustrated notes

Levels and vault maps discovered:
D:1:      psy_arrival_conway, layout_loops_ring
D:2:      layout_basic, nicolae_kite_square_tiling_tiny
D:3:      layout_basic, basic_ecumenical_altar
D:4:      layout_cave_pools, dancing_weapons_uskayaw
D:5:      layout_basic, minmay_holes

Skill      XL: |  1  2  3  4  5  6 |
---------------+-------------------+-----
Fighting       | 1 |  1.4
Dodging        | 3 4 |  4.4
Unarmed Combat | 3 |  3.0
Poison Magic   | 1 2 3 |  3.2
Spellcasting   | 4 |  4.0
Transmutations | 3 4 |  4.2

Action                     |  1- 3 |  4- 6 || total
---------------------------+-------+-------++-------
  Melee: Unarmed           |   149 |    93 ||   242
         Kick              |    25 |    10 ||    35
         Headbutt          |    13 |     9 ||    22
         Punch             |       |     3 ||     3
   Cast: Beastly Appendage |    25 |     9 ||    34
         Wereblood         |     4 |     9 ||    13
         Spider Form       |       |     3 ||     3
    Use: Scroll            |       |     1 ||     1
         Potion            |       |     1 ||     1
   Stab: Sleeping          |       |     1 ||     1
 Armour: Robe              |    30 |    16 ||    46
         Skin              |       |     5 ||     5
  Dodge: Dodged            |   119 |    70 ||   189
